 Dungeon Crawl Stone Soup version 0.17.1-2-g5865329 (webtiles) character file.

209 inmateoo the Twirler (level 5, -11/41 HPs)
             Began as a Centaur Gladiator on Feb 15, 2016.
             Was an Initiate of Yredelemnul.
             Mangled by Prince Ribbit (16 damage)
             ... on level 5 of the Dungeon.
             The game lasted 00:08:04 (4484 turns).

inmateoo the Twirler (Centaur Gladiator)            Turns: 4484, Time: 00:08:04

Health: -11/41     AC: 11    Str: 18    XL:     5   Next: 55%
Magic:  5/5        EV:  9    Int:  7    God:    Yredelemnul [......]
Gold:   159        SH:  0    Dex: 10    Spells: 0 memorised, 4 levels left

rFire  + . .     SeeInvis .     a - +0 quarterstaff
rCold  . . .     Clarity  .     p - +1 leather armour {rF+}
rNeg   . . .     SustAt   .     (shield currently unavailable)
rPois  .         Gourm    .     c - +1 helmet
rElec  .         Spirit   .     v - +2 cloak
rCorr  .         Warding  .     (no gloves)
rMut   .         Stasis   .     (no barding)
MR     .....                    (no amulet)
Stlth  ..........               (no ring)
                                (no ring)

@: very quick, not resistant to hostile enchantments, extremely unstealthy
A: hooves 3, blink, deformed body, speed 2, shaggy fur 1, tough skin 3, subdued
magic 1
a: Blink, Renounce Religion


You were on level 5 of the Dungeon.
You worshipped Yredelemnul.
Yredelemnul was noncommittal.
You were not hungry.

You visited 1 branch of the dungeon, and saw 5 of its levels.

You collected 159 gold pieces.

Inventory:

Hand Weapons
 a - a +0 quarterstaff (weapon)
Missiles
 d - 3 throwing nets (quivered)
Armour
 c - a +1 helmet (worn)
 p - a +1 leather armour of fire resistance (worn)
 v - a +2 cloak (worn)
Wands
 s - a wand of disintegration (0)
Scrolls
 f - 4 scrolls of remove curse
 i - 2 scrolls of magic mapping
 m - 3 scrolls of enchant armour
 r - a scroll of blinking
 w - a scroll of recharging
Potions
 b - a potion of cure mutation
 h - a potion of agility
 j - a potion of brilliance
 l - a potion of invisibility
 n - a potion of resistance
 o - a potion of cancellation
 u - a potion of haste {unknown}
 z - a potion of magic
Comestibles
 e - 3 bread rations
 g - a beef jerky
 k - 5 fruits
 q - 2 meat rations
 t - 2 slices of pizza


   Skills:
 - Level 2.0 Fighting
 * Level 5.3 Staves
 - Level 2.1 Throwing
 + Level 1.5 Armour
 - Level 2.1 Dodging


You had 4 spell levels left.
You didn't know any spells.

Dungeon Overview and Level Annotations

Branches:
Dungeon (5/15)             Temple (0/1) D:4

Altars:
Ashenzari
Gozag
Kikubaaqudgha
Sif Muna
Trog
Yredelemnul

Annotations:
D:3 Menkaure
D:4 Edmund
D:5 Prince Ribbit


Innate Abilities, Weirdness & Mutations

You have hooves in place of feet.
Armour fits poorly on your strangely shaped body.
You cover ground very quickly.
You have extremely tough skin (AC +3).
You can translocate small distances at will.
You are covered in fur (AC +1).
Your spells are a little easier to cast, but a little less powerful.


Message History

The crimson imp hits you.
You hit the crimson imp but do no damage.
Prince Ribbit hits you but does no damage.
Prince Ribbit blinks!
The crimson imp hits you but does no damage.
You closely miss the crimson imp.
The crimson imp blinks!
Prince Ribbit hits you!
You hit Prince Ribbit.
Prince Ribbit is moderately wounded.
Prince Ribbit hits you!
You hit Prince Ribbit.
Prince Ribbit is moderately wounded.
You feel less woody.
Your +2 cloak unmelds from your body.
Your +1 helmet unmelds from your body.
Your +1 leather armour of fire resistance unmelds from your body.
You feel resistant to fire. Prince Ribbit hits you!
* * * LOW HITPOINT WARNING * * *
Prince Ribbit hits you!
You die...
Your body rises from the dead as a mindless zombie.

###### #.) ......
#####...
########.........
.........5......
#..F..#....... #.
#.@ยง.#.##...
#....#.)#.(..... ##
#... ###....## #.
#...###.....# #.
....#..#.....# #. ##
#....#....# #.
#.#.....##..# #.
#..........## #.
##.###.###############.


You could see Prince Ribbit and a crimson imp.

Vanquished Creatures
  Ijyb (D:3)
  An orc wizard (D:4)
  A hound skeleton (D:4)
  4 adders (D:3)
  An ooze (D:3)
  2 adder skeletons (D:4)
  5 worms
  4 orcs (D:4)
  2 ball pythons
  2 giant cockroaches
  10 hobgoblins
  3 kobolds
  2 quokkas
  6 bats
  2 giant geckos
  3 giant newts
  13 goblins
  9 jackals
  A quokka skeleton (D:4)
  5 rats
77 creatures vanquished.

Notes
Turn   | Place    | Note
--------------------------------------------------------------
     0 | D:1      | inmateoo the Centaur Gladiator began the quest for the Orb.
     0 | D:1      | Reached XP level 1. HP: 17/17 MP: 1/1
   138 | D:1      | Reached skill level 3 in Staves
   157 | D:1      | Reached XP level 2. HP: 14/24 MP: 2/2
   507 | D:1      | You fall through a shaft!
  1116 | D:2      | Reached XP level 3. HP: 27/29 MP: 3/3
  1245 | D:2      | Gained mutation: You are covered in fur (AC +1). [potion of mutation]
  1245 | D:2      | Gained mutation: You can translocate small distances at will. [potion of mutation]
  1245 | D:2      | Gained mutation: Your spells are a little easier to cast, but a little less powerful. [potion of mutation]
  1941 | D:2      | Reached skill level 4 in Staves
  2236 | D:3      | Reached XP level 4. HP: 27/36 MP: 4/4
  2649 | D:3      | Reached skill level 1 in Armour
  2760 | D:3      | Found a faded altar to an unknown god.
  2889 | D:3      | Found a shattered altar of Ashenzari.
  2890 | D:3      | Found an ancient bone altar of Kikubaaqudgha.
  2890 | D:3      | Found a basalt altar of Yredelemnul.
  2890 | D:3      | Found an opulent altar of Gozag.
  2891 | D:3      | Found a bloodstained altar of Trog.
  2895 | D:3      | Found a deep blue altar of Sif Muna.
  2898 | D:3      | Became a worshipper of Yredelemnul the Dark
  3185 | D:3      | Noticed Ijyb
  3297 | D:3      | Killed Ijyb
  3297 | D:3      | Reached XP level 5. HP: 36/41 MP: 5/5
  3445 | D:4      | Noticed Menkaure
  3492 | D:3      | HP: 2/41 [Menkaure/nerve-wracking pain (11)]
  3840 | D:4      | Reached skill level 5 in Staves
  3897 | D:4      | Found a staircase to the Ecumenical Temple.
  4287 | D:4      | Noticed Edmund
  4413 | D:5      | Entered Level 5 of the Dungeon
  4458 | D:5      | Noticed Prince Ribbit
  4484 | D:5      | Mangled by Prince Ribbit

Action                   |  1- 3 |  4- 6 || total
-------------------------+-------+-------++-------
Melee: Quarterstaff      |   144 |   176 ||   320
Throw: Throwing net      |       |     1 ||     1
Evoke: Wand              |       |     3 ||     3
  Use: Scroll            |    10 |     9 ||    19
       Potion            |     1 |     2 ||     3
  Eat: Chunk             |     3 |     5 ||     8
       Beef jerky        |       |     1 ||     1
